APP
OREM OWLZ @ BOSTON (APP) RED SOX
09/26/2049
 
TOP OF THE 1ST
Orem Owlz batting - Pitching for Boston (APP) Red Sox : RHP Nate Rizzi
Pitching: RHP Nate Rizzi
Batting: RHB Brian Spry 0-0: DOUBLE (Line Drive, 7LM, EV 108.1 MPH)
Batting: RHB Fred Saxton 0-0: Called Strike
0-1: Ball
1-1: Swinging Strike
1-2: Strikes out swinging
Batting: SHB Manuel Martinez 0-0: Foul Ball, location: 2F
0-1: Swinging Strike
0-2: Ball
1-2: Foul Ball, location: 2F
1-2: Ball
2-2: Ball
3-2: Hit by Pitch
Batting: LHB David Coatney 0-0: Foul Ball, location: 2F
0-1: 3-RUN HOME RUN (Flyball, 89XD, EV 112.5 MPH), Distance : 438 ft
Batting: LHB Bill Girton 0-0: Foul Ball, location: 2F
0-1: Swinging Strike
0-2: Strikes out swinging
Batting: RHB Brendan Garoutte 0-0: Called Strike
0-1: Called Strike
0-2: Ball
1-2: Strikes out swinging
Top of the 1st over - 3 runs, 2 hits, 0 errors, 0 left on base; Orem 3 - Boston (APP) 0
BOTTOM OF THE 1ST
Boston (APP) Red Sox batting - Pitching for Orem Owlz : LHP Aqissiaq Storch
Pitching: LHP Aqissiaq Storch
Batting: RHB Bob Reichley 0-0: Ball
1-0: Ball
2-0: Called Strike
2-1: Foul Ball, location: 2F
2-2: Ball
3-2: Foul Ball, location: 2F
3-2: Strikes out swinging
Batting: RHB Chris Zubia 0-0: Called Strike
0-1: Ball
1-1: Foul Ball, location: 2F
1-2: SINGLE (Line Drive, 7S, EV 90.6 MPH)
Batting: RHB Felix Rangel 0-0: Ball
1-0: Swinging Strike
1-1: Foul Ball, location: 2F
1-2: Foul Ball, location: 2F
1-2: Ball
2-2: DOUBLE (Flyball, 8LXD, EV 91.2 MPH)
Chris Zubia to third
Batting: RHB Eric Kent 0-0: Ball
1-0: DOUBLE (Line Drive, 78D, EV 105.0 MPH)
Chris Zubia scores
Felix Rangel scores
Batting: RHB Kirk Cully 0-0: SINGLE (Groundball, 6MD, EV 110.0 MPH)
Eric Kent to third
Runner from 3rd tries for Home, SAFE, throw by CF to home
Batting: RHB Wayne Whimster 0-0: Ball
1-0: Ball
Wild Pitch!
Kirk Cully to second
2-0: Ball
3-0: Called Strike
3-1: Swinging Strike
3-2: Strikes out swinging
Batting: RHB Ryan Davis 0-0: Hit by Pitch
Batting: RHB Luis Nino 0-0: Ball
1-0: Ball
Wild Pitch!
Kirk Cully to third
Ryan Davis to second
2-0: Swinging Strike
2-1: Ball
3-1: Called Strike
3-2: Foul Ball, location: 2F
3-2: Strikes out looking
Bottom of the 1st over - 3 runs, 4 hits, 0 errors, 2 left on base; Orem 3 - Boston (APP) 3
TOP OF THE 2ND
Orem Owlz batting - Pitching for Boston (APP) Red Sox : RHP Nate Rizzi
Batting: RHB Jesse Sargent 0-0: Called Strike
0-1: Reached on error, E6 (Groundball, 6, EV 83.8 MPH)
Batting: RHB Carlos Gonzales 0-0: Ground out 5-3 (Groundball, 56S, EV 72.5 MPH)
Jesse Sargent to second
Batting: RHB Steve Neely 0-0: Ground out 4-3 (Groundball, 34, EV 106.9 MPH)
Jesse Sargent to third
Batting: RHB Brian Spry 0-0: Ball
1-0: Ground out 6-3 (Groundball, 6D, EV 106.2 MPH)
Top of the 2nd over - 0 runs, 0 hits, 1 error, 1 left on base; Orem 3 - Boston (APP) 3
BOTTOM OF THE 2ND
Boston (APP) Red Sox batting - Pitching for Orem Owlz : LHP Aqissiaq Storch
Batting: LHB Kenny Jackson 0-0: Ball
1-0: Ball
2-0: Ball
3-0: Called Strike
3-1: Foul Ball, location: 2F
3-2: Fly out, F8 (Flyball, 8LS, EV 94.4 MPH)
Batting: RHB Bob Reichley 0-0: Fly out, F8 (Line Drive, 8LM, EV 96.2 MPH)
Batting: RHB Chris Zubia 0-0: Swinging Strike
0-1: Called Strike
0-2: Foul Ball, location: 2F
0-2: Foul Ball, location: 2F
0-2: Strikes out swinging
Bottom of the 2nd over - 0 runs, 0 hits, 0 errors, 0 left on base; Orem 3 - Boston (APP) 3
TOP OF THE 3RD
Orem Owlz batting - Pitching for Boston (APP) Red Sox : RHP Nate Rizzi
Batting: RHB Fred Saxton 0-0: Called Strike
0-1: Ball
1-1: Ball
2-1: SINGLE (Line Drive, 7LS, EV 111.9 MPH)
Batting: SHB Manuel Martinez 0-0: Called Strike
0-1: Swinging Strike
0-2: Strikes out swinging
Batting: LHB David Coatney 0-0: Called Strike
0-1: Ball
1-1: Ball
2-1: Swinging Strike
2-2: Ball
3-2: Foul Ball, location: 2F
3-2: Foul Ball, location: 2F
3-2: Base on Balls
Fred Saxton to second
Batting: LHB Bill Girton 0-0: Swinging Strike
0-1: Foul Ball, location: 2F
0-2: Ball
Wild Pitch!
Fred Saxton to third
David Coatney to second
1-2: Strikes out swinging
Batting: RHB Brendan Garoutte 0-0: Called Strike
0-1: Swinging Strike
0-2: Ball
1-2: Foul Ball, location: 2F
1-2: Ball
2-2: Ball
3-2: Foul Ball, location: 2F
3-2: Base on Balls
Batting: RHB Jesse Sargent 0-0: Ball
1-0: Foul Ball, location: 2F
1-1: Ground out 5-3 (Groundball, 56, EV 103.1 MPH)
Top of the 3rd over - 0 runs, 1 hit, 0 errors, 3 left on base; Orem 3 - Boston (APP) 3
BOTTOM OF THE 3RD
Boston (APP) Red Sox batting - Pitching for Orem Owlz : LHP Aqissiaq Storch
Batting: RHB Felix Rangel 0-0: Swinging Strike
0-1: Ball
1-1: Foul Ball, location: 2F
1-2: Ball
2-2: Foul Ball, location: 2F
2-2: Ball
3-2: Strikes out swinging
Batting: RHB Eric Kent 0-0: Foul Ball, location: 2F
0-1: Foul Ball, location: 2F
0-2: Strikes out swinging
Batting: RHB Kirk Cully 0-0: Foul Ball, location: 2F
0-1: Foul Ball, location: 2F
0-2: Strikes out swinging, 2-3 out at first.
Bottom of the 3rd over - 0 runs, 0 hits, 0 errors, 0 left on base; Orem 3 - Boston (APP) 3
TOP OF THE 4TH
Orem Owlz batting - Pitching for Boston (APP) Red Sox : RHP Nate Rizzi
Batting: RHB Carlos Gonzales 0-0: Ground out 4-3 (Groundball, 4S, EV 87.5 MPH)
Batting: RHB Steve Neely 0-0: Ball
1-0: Ball
2-0: Bunted foul
2-1: Reached via error on a dropped throw from 1B, E1 (Groundball, 34, EV 89.4 MPH)
Batting: RHB Brian Spry 0-0: Ball
1-0: Ball
Passed Ball!
Steve Neely to second
2-0: Called Strike
2-1: Ball
3-1: Foul Ball, location: 2F
3-2: Ground out 4-3 (Groundball, 4MS, EV 66.9 MPH)
Steve Neely to third
Batting: RHB Fred Saxton 0-0: Ground out 4-3 (Groundball, 6M, EV 106.9 MPH)
Top of the 4th over - 0 runs, 0 hits, 1 error, 1 left on base; Orem 3 - Boston (APP) 3
BOTTOM OF THE 4TH
Boston (APP) Red Sox batting - Pitching for Orem Owlz : LHP Aqissiaq Storch
Batting: RHB Wayne Whimster 0-0: Ball
1-0: Ball
2-0: Ball
3-0: Called Strike
3-1: Called Strike
3-2: Strikes out looking
Pitching: LHP Yee Koh
Batting: RHB Ryan Davis 0-0: Swinging Strike
0-1: Called Strike
0-2: Ball
1-2: Foul Ball, location: 2F
1-2: Ball
2-2: Foul Ball, location: 2F
2-2: Strikes out swinging
Batting: RHB Luis Nino 0-0: Called Strike
0-1: Ball
1-1: Foul Ball, location: 2F
1-2: Strikes out looking
Bottom of the 4th over - 0 runs, 0 hits, 0 errors, 0 left on base; Orem 3 - Boston (APP) 3
TOP OF THE 5TH
Orem Owlz batting - Pitching for Boston (APP) Red Sox : RHP Nate Rizzi
Batting: SHB Manuel Martinez 0-0: Ball
1-0: Ball
2-0: Called Strike
2-1: Ball
3-1: SINGLE (Flyball, 8RS, EV 89.4 MPH)
Batting: LHB David Coatney 0-0: Ball
Manuel Martinez steals 2nd base
1-0: Foul Ball, location: 2F
1-1: Foul Ball, location: 2F
1-2: Strikes out swinging
Batting: LHB Bill Girton 0-0: Foul Ball, location: 2F
0-1: Ground out U3 (Groundball, 3S, EV 66.2 MPH)
Manuel Martinez to third
Pitching: RHP Robby Arce
Batting: RHB Brendan Garoutte 0-0: Ball
1-0: Ground out 6-3 (Groundball, 6, EV 105.6 MPH)
Top of the 5th over - 0 runs, 1 hit, 0 errors, 1 left on base; Orem 3 - Boston (APP) 3
BOTTOM OF THE 5TH
Boston (APP) Red Sox batting - Pitching for Orem Owlz : LHP Yee Koh
Batting: LHB Kenny Jackson 0-0: Ball
1-0: Ball
2-0: Called Strike
2-1: Foul Ball, location: 2F
2-2: Strikes out swinging
Batting: RHB Bob Reichley 0-0: Ball
1-0: Called Strike
1-1: Foul Ball, location: 2F
1-2: Strikes out swinging
Batting: RHB Chris Zubia 0-0: Called Strike
0-1: Called Strike
0-2: Foul Ball, location: 2F
0-2: Strikes out swinging
Bottom of the 5th over - 0 runs, 0 hits, 0 errors, 0 left on base; Orem 3 - Boston (APP) 3
TOP OF THE 6TH
Orem Owlz batting - Pitching for Boston (APP) Red Sox : RHP Robby Arce
Batting: RHB Jesse Sargent 0-0: Called Strike
0-1: Fly out, F3 (Popup, 3F, EV 80.0 MPH)
Batting: RHB Carlos Gonzales 0-0: Ball
1-0: Foul Ball, location: 2F
1-1: Swinging Strike
1-2: Fly out, F8 (Flyball, 78M, EV 86.2 MPH)
Pinch Hitting: RHB Daniel Molina 0-0: Ball
1-0: Ball
2-0: Swinging Strike
2-1: Foul Ball, location: 2F
2-2: Ball
3-2: Foul Ball, location: 2F
3-2: Reached via error on a dropped throw from SS, E3 (Groundball, 6, EV 77.5 MPH)
Batting: RHB Brian Spry 0-0: Called Strike
Daniel Molina is caught stealing 2nd base 2-4
Top of the 6th over - 0 runs, 0 hits, 1 error, 0 left on base; Orem 3 - Boston (APP) 3
BOTTOM OF THE 6TH
Boston (APP) Red Sox batting - Pitching for Orem Owlz : LHP Yee Koh
Now in RF: Daniel Molina
Batting: RHB Felix Rangel 0-0: Swinging Strike
0-1: Foul Ball, location: 2F
0-2: Ball
1-2: Ball
2-2: Foul Ball, location: 2F
2-2: Foul Ball, location: 2F
2-2: Ground out 6-3 (Groundball, 4MS, EV 68.8 MPH)
Batting: RHB Eric Kent 0-0: Called Strike
0-1: Called Strike
0-2: Strikes out swinging
Batting: RHB Kirk Cully 0-0: Ball
1-0: Fly out, F7 (Flyball, 7, EV 86.9 MPH)
Bottom of the 6th over - 0 runs, 0 hits, 0 errors, 0 left on base; Orem 3 - Boston (APP) 3
TOP OF THE 7TH
Orem Owlz batting - Pitching for Boston (APP) Red Sox : RHP Robby Arce
Batting: RHB Brian Spry 0-0: Called Strike
0-1: Swinging Strike
0-2: Strikes out swinging
Batting: RHB Fred Saxton 0-0: Ball
1-0: Swinging Strike
1-1: Ball
2-1: Foul Ball, location: 2F
2-2: Ball
3-2: Foul Ball, location: 2F
3-2: Base on Balls
Batting: SHB Manuel Martinez 0-0: Ball
Fred Saxton steals 2nd base (no throw)
1-0: Called Strike
1-1: Foul Ball, location: 2F
1-2: Ball
2-2: Reached on error, E5 (Groundball, 56S, EV 65.0 MPH)
Fred Saxton scores
Batting: LHB David Coatney 0-0: Swinging Strike
0-1: Ball
1-1: Foul Ball, location: 2F
1-2: SINGLE (Line Drive, 7S, EV 110.6 MPH)
Manuel Martinez to third
Runner from 3rd tries for Home, SAFE, throw by LF to home
Batting: LHB Bill Girton 0-0: Called Strike
0-1: Ball
1-1: Ball
2-1: Ball
3-1: Reached on error, E6 (Groundball, 6, EV 84.4 MPH)
David Coatney to second
Batting: RHB Brendan Garoutte 0-0: Ball
1-0: Foul Ball, location: 2F
1-1: Ball
2-1: Swinging Strike
2-2: Foul Ball, location: 2F
2-2: Hit by Pitch
David Coatney to third
Bill Girton to second
Batting: RHB Jesse Sargent 0-0: Called Strike
0-1: Ball
1-1: Swinging Strike
1-2: Grounds into fielders choice 4-2 (Groundball, 4, EV 78.1 MPH)
Bill Girton to third
Brendan Garoutte to second
Pitching: RHP Zinedine Lahlafi
Batting: RHB Carlos Gonzales 0-0: Foul Ball, location: 2F
0-1: Ball
1-1: Called Strike
1-2: Ball
2-2: Fielders Choice at 2nd, 6-4 (Groundball, 6, EV 82.5 MPH)
Top of the 7th over - 2 runs, 1 hit, 2 errors, 3 left on base; Orem 5 - Boston (APP) 3
BOTTOM OF THE 7TH
Boston (APP) Red Sox batting - Pitching for Orem Owlz : LHP Yee Koh
Batting: RHB Wayne Whimster 0-0: Foul Ball, location: 2F
0-1: Ball
1-1: Foul Ball, location: 2F
1-2: Strikes out looking
Batting: RHB Ryan Davis 0-0: Swinging Strike
0-1: Ball
1-1: Foul Ball, location: 2F
1-2: Foul Ball, location: 2F
1-2: Strikes out swinging, 2-3 out at first.
Batting: RHB Luis Nino 0-0: Fly out, F6 (Popup, 6S, EV 75.0 MPH)
Bottom of the 7th over - 0 runs, 0 hits, 0 errors, 0 left on base; Orem 5 - Boston (APP) 3
TOP OF THE 8TH
Orem Owlz batting - Pitching for Boston (APP) Red Sox : RHP Zinedine Lahlafi
Batting: RHB Daniel Molina 0-0: Swinging Strike
0-1: Called Strike
0-2: Ball
1-2: Foul Ball, location: 2F
1-2: Ball
2-2: Ball
3-2: Strikes out swinging
Batting: RHB Brian Spry 0-0: Ball
1-0: Ball
2-0: Ball
3-0: Base on Balls
Batting: RHB Fred Saxton 0-0: Called Strike
0-1: Ball
1-1: Foul Ball, location: 2F
1-2: Foul Ball, location: 2F
1-2: Ball
2-2: Foul Ball, location: 2F
2-2: Foul Ball, location: 2F
2-2: Strikes out swinging
Brian Spry is caught stealing 2nd base 2-4
Batter strikes out.
Top of the 8th over - 0 runs, 0 hits, 0 errors, 0 left on base; Orem 5 - Boston (APP) 3
BOTTOM OF THE 8TH
Boston (APP) Red Sox batting - Pitching for Orem Owlz : LHP Yee Koh
Pitching: RHP Carlos Olbera
Batting: LHB Kenny Jackson 0-0: Foul Ball, location: 2F
0-1: Ball
1-1: Foul Ball, location: 2F
1-2: Strikes out looking
Pinch Hitting: SHB Arihito Hiramoto 0-0: Called Strike
0-1: Foul Ball, location: 2F
0-2: Ball
1-2: Hit by Pitch
Pinch Hitting: SHB Jose Santiago 0-0: Grounds into double play, 3-6-3 (Groundball, 3, EV 103.1 MPH)
Bottom of the 8th over - 0 runs, 0 hits, 0 errors, 0 left on base; Orem 5 - Boston (APP) 3
TOP OF THE 9TH
Orem Owlz batting - Pitching for Boston (APP) Red Sox : RHP Zinedine Lahlafi
Now at 1B: Vladmiri Nugaibekov
Now in LF: Panam Palmer
Batting: SHB Manuel Martinez 0-0: Ball
1-0: Ball
2-0: Ball
3-0: Called Strike
3-1: Called Strike
3-2: Base on Balls
Batting: LHB David Coatney 0-0: Ball
1-0: Ball
2-0: Ball
3-0: Called Strike
3-1: Called Strike
3-2: Fielders Choice at 2nd, 5-4 (Groundball, 56, EV 85.6 MPH)
Batting: LHB Bill Girton 0-0: Ball
1-0: 2-RUN HOME RUN (Flyball, 89XD, EV 105.0 MPH), Distance : 413 ft
Batting: RHB Brendan Garoutte 0-0: Foul Ball, location: 2F
0-1: Ball
1-1: Fly out, F8 (Flyball, 8LD, EV 103.1 MPH)
Batting: RHB Jesse Sargent 0-0: Ball
1-0: Called Strike
1-1: Ball
2-1: Ball
3-1: Base on Balls
Pitching: RHP Jose Duran
Batting: RHB Carlos Gonzales 0-0: Ball
1-0: Foul Ball, location: 2F
1-1: SINGLE (Groundball, 34D, EV 100.6 MPH)
Jesse Sargent to second
Runner from 2nd tries for 3rd, SAFE, throw by RF made to third
Batting: RHB Daniel Molina 0-0: Ball
Wild Pitch!
Jesse Sargent scores
Carlos Gonzales to second
1-0: Ball
2-0: Foul Ball, location: 2F
2-1: Ball
3-1: DOUBLE (Flyball, 78D, EV 91.9 MPH)
Carlos Gonzales scores
Batting: RHB Brian Spry 0-0: Ball
1-0: Swinging Strike
1-1: Swinging Strike
1-2: Strikes out looking
Top of the 9th over - 4 runs, 3 hits, 0 errors, 1 left on base; Orem 9 - Boston (APP) 3
BOTTOM OF THE 9TH
Boston (APP) Red Sox batting - Pitching for Orem Owlz : RHP Carlos Olbera
Batting: RHB Felix Rangel 0-0: Ball
1-0: TRIPLE (Flyball, 78XD, EV 105.0 MPH)
Batting: RHB Eric Kent 0-0: Called Strike
0-1: Ball
1-1: SINGLE (Groundball, 56S, EV 66.2 MPH) (infield hit)
Felix Rangel scores
Batting: RHB Kirk Cully 0-0: Called Strike
0-1: Foul Ball, location: 2F
0-2: Strikes out swinging
Batting: RHB Wayne Whimster 0-0: Ball
1-0: Swinging Strike
1-1: Ball
2-1: Foul Ball, location: 2F
2-2: Strikes out swinging
Batting: RHB Ryan Davis 0-0: Foul Ball, location: 2F
0-1: Foul Ball, location: 2F
0-2: Foul Ball, location: 2F
0-2: Strikes out swinging
Bottom of the 9th over - 1 run, 2 hits, 0 errors, 1 left on base; Orem 9 - Boston (APP) 4
Sunday, July 16th , 2023 - OOTP Baseball 24.6 Build 69